 Dungeon Crawl Stone Soup version 0.23-a0-78-gc252fe1 (webtiles) character file.

93 tilp the Chiller (level 4, -7/30 HPs)
             Began as a Merfolk Ice Elementalist on Aug 10, 2018.
             Killed from afar by an orc wizard (8 damage)
             ... with a magic dart
             ... on level 3 of the Dungeon.
             The game lasted 00:04:55 (1754 turns).

tilp the Chiller (Merfolk Ice Elementalist)         Turns: 1754, Time: 00:04:56

Health: -7/30      AC:  2    Str:  8    XL:     4   Next: 61%
Magic:  0/7        EV: 13    Int: 15    God:
Gold:   31         SH:  0    Dex: 14    Spells: 1/7 levels left

rFire    . . .     SeeInvis .   j - +0 hand axe (vamp)
rCold    . . .     Gourm    .   (no shield)
rNeg     . . .     Faith    .   a - +0 robe
rPois    .         Spirit   .   (no helmet)
rElec    .         Reflect  .   (no cloak)
rCorr    .         Harm     .   (no gloves)
MR       .....                  (no boots)
Stlth    ++........             (no amulet)
HPRegen  0.10/turn              (no ring)
MPRegen  0.10/turn              (no ring)

@: flying
A: change form in water, swift swim, stealthy swim
a: no special abilities


You were on level 3 of the Dungeon.
You were near starving.

You visited 1 branch of the dungeon, and saw 3 of its levels.

You collected 31 gold pieces.

Inventory:

Hand Weapons
 d - a +0 dagger
 i - a +0 spear
 j - a +0 vampiric hand axe (weapon)
Missiles
 b - 45 stones (quivered)
Armour
 a - a +0 robe (worn)
Jewellery
 e - a +4 ring of dexterity {unknown}
 p - an uncursed ring of stealth {unknown}
Wands
 q - a wand of digging (16)
Scrolls
 g - a scroll of fog {unknown}
 h - a scroll of immolation {unknown}
 k - 4 scrolls of identify {unknown}
 n - a scroll of fear {unknown}
Potions
 l - a potion of haste {unknown}
 o - a potion of ambrosia {unknown}
Comestibles
 c - 5 rations


   Skills:
 - Level 2.6 Dodging
 - Level 2.1 Stealth
 - Level 2.0 Spellcasting
 - Level 0.7 Conjurations
 + Level 5.7 Ice Magic


You had one spell level left.
You knew the following spells:

 Your Spells              Type           Power        Failure   Level  Hunger
a - Freeze                Ice            ###.         1%          1    #......
b - Throw Frost           Conj/Ice       ##....       9%          2    ###....
c - Ozocubu's Armour      Chrm/Ice       ##......     21%         3    ###....

Your spell library contained the following spells:

 Spells                   Type           Power        Failure   Level  Hunger
 Summon Ice Beast         Ice/Summ       ##......     56%         4    #####..
 Throw Icicle             Conj/Ice       ##......     50%         4    #####..


Dungeon Overview and Level Annotations

Branches:
Dungeon (3/15)

Altars:
Okawaru

Annotations:
D:2 1 runed door
D:3 Terence


Message History

The hobgoblin is heavily wounded.
You miss something.
An orc wizard appears from thin air!
Reactivating autopickup.
The orc wizard mumbles some strange words.
The orc wizard flickers and vanishes!
Deactivating autopickup; reactivate with Ctrl-A.
You hear some strange, mumbled words.
A puff of flame appears from out of thin air!
The puff of flame hits you!
Your icy armour melts away.
* * * LOW HITPOINT WARNING * * *
The hobgoblin hits you.
* * * LOW HITPOINT WARNING * * *
It was a potion of flight.
You feel very buoyant.
You fly up into the air.
You hear some strange, mumbled words.
A magic dart appears from out of thin air!
The magic dart hits you!
You die...

#.# #.#
#.#...S ..
.>....#...
#.#...#(..
#.#.......
########
#g#...o...
.......#
#@#.......
.......#
#{#....###
.......#.
##o....o..
.........
#o.#.o...
.......#.
#..# ...
.<@......
...# #
.........
#.##
.........
#.#
.........
#.#


You could see 2 orcs and a hobgoblin.

Vanquished Creatures
  Jessica (D:2)
  3 adders
  A dart slug (D:2)
  A leopard gecko (D:2)
  An orc (D:3)
  A giant cockroach (D:1)
  3 goblins
  3 hobgoblins (D:2)
  2 jackals
  3 kobolds
  3 quokkas
  7 bats
  A frilled lizard (D:1)
  7 rats
37 creatures vanquished.

Notes
Turn   | Place    | Note
-------+----------+-------------------------------------------
     0 | D:1      | tilp the Merfolk Ice Elementalist began the quest for the Orb.
     0 | D:1      | Reached XP level 1. HP: 13/13 MP: 3/3
   236 | D:1      | Found an iron altar of Okawaru.
   241 | D:1      | Reached XP level 2. HP: 19/19 MP: 3/5
   248 | D:1      | Learned a level 2 spell: Throw Frost
   276 | D:1      | Reached skill level 4 in Ice Magic
   754 | D:2      | Reached XP level 3. HP: 16/24 MP: 3/6
   759 | D:2      | Learned a level 3 spell: Ozocubu's Armour
  1046 | D:2      | Noticed Jessica
  1103 | D:2      | Killed Jessica
  1103 | D:2      | Reached skill level 5 in Ice Magic
  1103 | D:2      | Reached XP level 4. HP: 25/30 MP: 3/7
  1179 | D:2      | Found a faded altar of an unknown god.
  1227 | D:2      | Found a runed door.
  1535 | D:3      | Noticed Terence
  1753 | D:3      | HP: 1/30 [hobgoblin (3)]
  1754 | D:3      | Killed from afar by an orc wizard

Vault maps used:
D:1:      dpeg_arrival_pond, okawaru_ov_weapons_minmay
D:2:      chequers_ecumenical_altar_simple_redux, uniq_crazy_yiuf_cottage,
          uniq_jessica
D:3:      first_ration, minmay_hedge_maze, eino_tiny_chamber, uniq_terence,
          uniq_sigmund

Skill      XL: |  1  2  3 |
---------------+----------+-----
Ice Magic      | 4 5 |  5.7
Dodging        | |  2.6
Stealth        | |  2.1
Spellcasting   | |  2.0
Conjurations   | |  0.7

Action                   |  1- 3 |  4- 6 || total
-------------------------+-------+-------++-------
Melee: Dagger            |     5 |       ||     5
       Hand axe          |    34 |    47 ||    81
 Cast: Freeze            |    22 |    13 ||    35
       Ozocubu's Armour  |       |     2 ||     2
  Use: Potion            |       |     1 ||     1
 Stab: Sleeping          |     3 |       ||     3
  Eat: Chunk             |     2 |     1 ||     3
       Ration            |     1 |       ||     1
Armor: Robe              |     9 |    20 ||    29
Dodge: Dodged            |    53 |    44 ||    97

Table legend:
 A = Non-vault XP
 B = Vault XP
 C = Vault XP percentage of total XP
 D = Non-vault monster count
 E = Vault monster count
 F = Vault count percentage of total count
 G = Total turns spent on level
                 A         B        C        D         E       F
            +---------+---------+-------+---------+---------+-------
      Total |      96 |      37 |  27.8 |      36 |       1 |   2.7
            +---------+---------+-------+---------+---------+-------
        D:1 |      20 |       0 |   0.0 |      14 |       0 |   0.0
        D:2 |      55 |      37 |  40.2 |      17 |       1 |   5.6
        D:3 |      21 |       0 |   0.0 |       5 |       0 |   0.0
            +---------+---------+-------+---------+---------+-------
